Unix NetHack Version 3.7.0-53 Work-in-progress - last build Apr 18 2022 03:42:42 (02b85442fffe0e2954e411e09df771b56fe27bbc,branch:master). Game began 2022-05-08 07:07:53, ended 2022-05-08 09:14:05. spontiff, neutral male gnomish Healer | -------------------------------- ------- |..... ###|...............................########.<....| | ###....--------.......-----------.|# # #|.....| |.... #|...|...| |------.|..|(..|. |.|########......| |.. #|...|..+| |.....|.|..|..!|..-.-## # #-|-.--- | |...|...|+-|.._..|.-|-|...|---.|## # ### |...---|-..|.....|....---|-....|## ## # |..........|.....|......F@d....|# #### # |........{.-----|-.{.@.eded....|# #### # |..............................|# ## # #### |...--|--...........--+--|--...|#####0# ---.--|----- |...|...|-------.---| |...|...|## ###-..........| |...|.$(| |...-.-..| |.$.|...|# #|..........| |...|(((| |...|.|..|--|..[|...|# #...........| |...-----+------.----..-----...|# |...%......| |........................*.....-# |..........| --------------------------------# ------------ Spontiff the Rhizotomist St:8 Dx:10 Co:18 In:8 Wi:15 Ch:16 Neutral S:250 Dlvl:6 $:891 HP:0(14) Pw:6(6) AC:-3 Xp:1/0 T:4030 Latest messages: You produce a high whistling sound. What do you want to use or apply? [bekostxJORSX or ?*] o You produce a high whistling sound. You hit the floating eye. You are frozen by the floating eye's gaze! The large dog drops a gold piece. The large dog picks up a gold piece. The lichen misses! The lichen misses! The large dog drops a gold piece. You hear bubbling water. The jackal misses! The jackal misses! The large dog bites the floating eye. The large dog is frozen by the floating eye's gaze! The jackal misses! The jackal bites! The jackal bites! The jackal bites! The jackal misses! The jackal misses! The jackal bites! The jackal bites! The jackal misses! The jackal bites! The jackal misses! The jackal bites! The jackal bites! The jackal misses! The jackal bites! The jackal misses! The jackal just misses! The jackal bites! The jackal misses! The jackal misses! The jackal bites! The jackal misses! The jackal bites! The jackal misses! The jackal just misses! The jackal misses! The jackal misses! The jackal bites! The jackal misses! The jackal misses! The jackal bites! The jackal bites! You die... Do you want your possessions identified? [ynq] (y) y Do you want to see the dungeon overview? [ynq] (y) q Major events: Turn 1: spontiff the neutral male gnomish Healer entered the dungeon 716: entered the Gnomish Mines 2128: reached Mine Town 4030: killed by a jackal, while frozen by a floating eye's gaze Inventory: Coins $ - 891 gold pieces Weapons W - 10 uncursed +0 darts a - an uncursed +0 scalpel Armor h - an uncursed +0 dwarvish iron helm (being worn) g - an uncursed +1 pair of leather gloves (being worn) v - an uncursed +0 pair of iron shoes (being worn) q - an uncursed +0 dwarvish cloak (being worn) w - an uncursed +0 dwarvish cloak Comestibles y - an uncursed apple n - 3 uncursed food rations p - an uncursed tripe ration Scrolls l - an uncursed scroll of create monster Y - an uncursed scroll of magic mapping T - an uncursed scroll of teleportation Spellbooks b - a blessed spellbook of healing R - a blessed spellbook of remove curse e - an uncursed spellbook of restore ability Potions m - an uncursed potion of booze f - 4 blessed potions of extra healing c - 3 uncursed potions of healing I - an uncursed potion of levitation d - an uncursed potion of paralysis Wands S - an uncursed wand of sleep (0:5) O - a blessed wand of striking (0:8) Tools J - an uncursed wooden flute t - an uncursed blindfold x - a blessed brass lantern X - an uncursed brass lantern k - an uncursed lock pick s - an uncursed stethoscope o - an uncursed tin whistle Gems/Stones Z - 2 uncursed worthless pieces of black glass Q - an uncursed worthless piece of blue glass U - 2 uncursed worthless pieces of green glass z - an uncursed worthless piece of red glass N - 2 uncursed worthless pieces of white glass V - 3 uncursed worthless pieces of yellow glass E - a cursed worthless piece of yellowish brown glass Spontiff the Healer's attributes: Background: You were a Rhizotomist, a level 1 male gnomish Healer. You were neutral, on a mission for Hermes who was opposed by Athena (lawful) and Poseidon (chaotic). You were in the Gnomish Mines, on level 6. You entered the dungeon 4030 turns ago. You had 0 experience points, 20 were needed to attain level 2. Your score was 250 before end-of-game adjustments. Basics: You had 0 out of 14 hit points. You had all 6 energy points (spell power). Your armor class was -3. Your wallet contained 891 zorkmids. Autopickup was on for '$!/="?' plus thrown, with exceptions. Final Characteristics: Your strength was 8 (limit:18/50). Your dexterity was 10 (limit:18). Your constitution was 18 (limit:18). Your intelligence was 8 (limit:19). Your wisdom was 15 (limit:18). Your charisma was 16 (limit:18). Final Status: You were not hungry. You were unencumbered. You were empty handed. You were unskilled in bare handed combat. Final Attributes: You were piously aligned. You were poison resistant. You had infravision. You had a moderate defense bonus (+7). You were warded. You are dead. Miscellaneous: You never encountered a bones level. Total elapsed playing time was 2 hours, 6 minutes and 6 seconds. Vanquished creatures: a small mimic a watchman a bugbear a gnomish wizard 4 dwarves a homunculus a kobold leader a giant bat a dwarf zombie a werejackal 3 iguanas 2 acid blobs 3 coyotes 2 gas spores 2 hobbits 5 manes 3 giant rats a brown mold 3 yellow molds a green mold 9 gnomes a gnome zombie 4 geckos 2 jackals a fox 2 kobolds 2 goblins 2 sewer rats 13 grid bugs a bat 4 lichens 2 kobold zombies 3 newts 84 creatures vanquished. No species were genocided or became extinct. Voluntary challenges: You never hit with a wielded weapon. You were a pacifist. You read items or engraved 1 time. You never engraved Elbereth. You never genocided any monsters. You never polymorphed an object. You never changed form. You used no wishes. Achievements: You entered the Gnomish Mines. You entered Minetown. You entered a temple. You entered a shop. The Dungeons of Doom: levels 1 to 4 Level 1: A fountain. Level 2: Many altars. Level 3: A fountain, a sink. Stairs down to The Gnomish Mines. Level 4: The Gnomish Mines: levels 4 to 6 Level 4: Level 5: Level 6: <- You were here. Many shops, a temple, some fountains. Final resting place for you, killed by a jackal, while frozen by a floating eye's gaze. Game over: ---------- / \ / REST \ / IN \ / PEACE \ / \ | spontiff | | 891 Au | | killed by a | | jackal | | | | | | 2022 | *| * * * | * _________)/\\_//(\/(/\)/\//\/|_)_______ Goodbye spontiff the Healer... You died in The Gnomish Mines on dungeon level 6 with 250 points, and 891 pieces of gold, after 4030 moves. You were level 1 with a maximum of 14 hit points when you died.